 Dungeon Crawl Stone Soup version 0.31-a0-986-g5e6e4ef867 (webtiles) character file.

Game seed: 3622108719356389701

54 Sanktem7 the Sneak (level 3, -1/16 HPs)
             Began as a Spriggan Enchanter on Nov 10, 2023.
             Succumbed to Robin's poison
             ... on level 2 of the Dungeon.
             The game lasted 00:02:41 (1323 turns).

Sanktem7 the Sneak (Spriggan Enchanter)             Turns: 1323, Time: 00:02:42

Health: -1/16      AC:  2    Str:  4    XL:     3   Next: 66%
Magic:  1/8        EV: 17    Int: 18    God:
Gold:   159        SH:  0    Dex: 15    Spells: 6/8 levels left

rFire   . . .        a - +1 dagger {short}
rCold   . . .        (no shield)
rNeg    . . .        b - +0 robe
rPois   .            (helmet restricted)
rElec   .            (no cloak)
rCorr   .            (gloves unavailable)
SInv    +            (boots unavailable)
Will    .....        (no amulet)
Stlth   +++          (no ring)
HPRegen 0.22/turn    (no ring)
MPRegen 0.11/turn

%: no passive effects
@: lethally poisoned (-1 -> -17), very quick
A: very small, no large weapons, unfitting armour, see invisible, speed 3
a: no special abilities


You were on level 2 of the Dungeon.
You visited 1 branch of the dungeon, and saw 2 of its levels.

You collected 159 gold pieces.


Innate Abilities, Weirdness & Mutations

You are very small and have problems with some larger weapons.
You are too small for most types of armour.
You have supernaturally acute eyesight. (SInv)
You cover ground extremely quickly. (Speed+++)


   Skills:
 + Level 1.9 Short Blades
 + Level 3.3 Dodging
 * Level 5.5 Stealth
 + Level 3.1 Spellcasting
 + Level 4.0 Hexes


You had 6 spell levels left.
You knew the following spells:

 Your Spells              Type           Power      Damage    Failure   Level
a - Ensorcelled Hibernat  Hex/Ice        20%        N/A       11%         2

Your spell library contained the following spells:

 Spells                   Type           Power      Damage    Failure   Level
 Confusing Touch          Hex            17%        N/A       10%         3
 Tukima's Dance           Hex            17%        N/A       10%         3
 Dazzling Flash           Conj/Hex       20%        N/A       22%         3
 Passwall                 Tmut/Erth      1%         N/A       24%         2
 Swiftness                Air            2%         N/A       43%         3

Inventory:

Hand Weapons
 a - a +1 dagger (weapon) {short}
Missiles
 f - 47 stones {throwing}
 i - 4 boomerangs {throwing}
Armour
 b - a +0 robe (worn)
 m - a +0 cloak
   (You found it on level 2 of the Dungeon)
Scrolls
 e - a scroll of teleportation {unknown}
 h - a scroll of amnesia {unknown}
 k - a scroll of identify {unknown}
 l - a scroll of torment {unknown}
Potions
 c - 2 potions of invisibility
 d - 3 potions of curing {unknown}
 g - a potion of degeneration {unknown}
 j - a potion of enlightenment {unknown}
 n - a potion of brilliance {unknown}

Dungeon Overview and Level Annotations

Branches:
Dungeon (2/15) Zot: 11053

Altars:

Annotations:
D:2 Robin

#.# ########.# #.#.#
#.# #.# #.... ### #.#
###.# # #.# #.# #. #.#
#.# #.. ####.# ##.#
#..g ##....## #...
#..gg####......######.#
#..ggg@g...............
#..gg####........######
....K #........# # ....
#......#.# ...
#.#...##.# #+
#.รท......# ####.#####
#.# #.#


You could see Robin, 3 hobgoblins, 5 goblins and a kobold.


Message History

You kill the adder!
The helpless hobgoblin fails to defend itself.
You impale the hobgoblin!!
You kill the hobgoblin!
Your Hexes skill increases to level 4!
You now have 159 gold pieces (gained 6).
You open the door.
There is an open door here.
Found a stone staircase leading down.
You open the door.
There is an open door here.
Found a stone staircase leading up.
Found a faded altar of an unknown god.
There is a stone staircase leading up here.
A rat comes into view.
A rat is nearby!
The helpless rat fails to defend itself.
You impale the rat!!
You kill the rat!
n - a fuming silvery potion You open the door.
Robin, 3 hobgoblins, 9 goblins and a kobold come into view.
Robin is wielding a +5 spear of venom.
Robin shouts!
The goblin shouts! x2; The hobgoblin shouts!
The goblin shouts! x3
The kobold shouts!
Robin throws the goblin at you!
The hobgoblin shouts!
The goblin shouts! x2
The hobgoblin shouts!
You hit the goblin. The goblin completely misses you.
The goblin closely misses you.
Casting: Ensorcelled Hibernation (safe; 11% risk of failure)
Confirm with . or Enter, or press ? or * to list all spells.
Aiming: Ensorcelled Hibernation (safe; 11% risk of failure)
Press: ? - help, Shift-Dir - straight line, f - goblin
Aim: a goblin, wielding a +0 club (chance to affect: 62%)
The goblin resists with significant effort.
The goblin barely misses you. x2
Robin roars a battlecry!
The goblins go into a battle-frenzy! ๐Ÿ˜Ž MP[-2]
You lost 2 mp, and now have 6/8 mp.
You closely miss the goblin. The goblin barely misses you.
The goblin hits you but does no damage.
Unknown command.
You hit the goblin.
You kill the goblin!
The goblin barely misses you.
Casting: Ensorcelled Hibernation (safe; 11% risk of failure)
Confirm with . or Enter, or press ? or * to list all spells.
Aiming: Ensorcelled Hibernation (safe; 11% risk of failure)
Press: ? - help, Shift-Dir - straight line, f - goblin
Aim: a goblin, wielding a +0 club (strong, chance to affect: 62%)
The goblin looks drowsy...
The goblin barely misses you. ๐Ÿ˜Ž MP[-2]
You lost 2 mp, and now have 4/8 mp.
The helpless goblin fails to defend itself.
You impale the goblin!!
You kill the goblin!
The goblin barely misses you.
Robin throws the goblin at you! ๐Ÿ˜• HP[-1]
You take 1 damage, and now have 15/16 hp.
Casting: Ensorcelled Hibernation (safe; 11% risk of failure)
Confirm with . or Enter, or press ? or * to list all spells.
Aiming: Ensorcelled Hibernation (safe; 11% risk of failure)
Press: ? - help, Shift-Dir - straight line, f - goblin
Aim: a goblin, wielding a +0 dagger (strong, chance to affect: 62%)
The goblin looks drowsy...
The goblin hits you but does no damage. ๐Ÿ˜• MP[-2]
You lost 2 mp, and now have 2/8 mp.
The helpless goblin fails to defend itself.
You impale the goblin!!
You kill the goblin!
The goblin barely misses you. ๐Ÿ˜Ž HP[+1]
Your hp is fully restored (16).
Casting: Ensorcelled Hibernation (safe; 11% risk of failure)
Confirm with . or Enter, or press ? or * to list all spells.
Aiming: Ensorcelled Hibernation (safe; 11% risk of failure)
Press: ? - help, Shift-Dir - straight line, f - goblin
Aim: a goblin, wielding a +0 dagger (strong, chance to affect: 62%)
The goblin resists with significant effort.
The goblin hits you with a +0 dagger.
The goblin misses you. ๐Ÿ˜• HP[-3] MP[-2]
You take 3 damage, and now have 13/16 hp.
You lost 2 mp, and now have 0/8 mp.
You hit the goblin.
You kill the goblin!
The goblin barely misses you.
You hit the goblin. The goblin barely misses you.
Robin says, "A pitiful Spriggan like you will never find the ORB!"
Robin hits you from afar with a +5 spear of venom.
* * * LOW HITPOINT WARNING * * *
You are lethally poisoned!
The goblin hits you with a +0 club.
* * * LOW HITPOINT WARNING * * *
๐Ÿ˜ฑ HP[-10] MP[+1]
You take 10 damage, and now have 3/16 hp.
MASSIVE DAMAGE!! (PAUSE)
You hit the goblin.
You die...

Skill      XL: |  1  2  3 |
---------------+----------+-----
Dodging        | 3 |  3.3
Stealth        | 5 |  5.5
Spellcasting   | 3 |  3.1
Hexes          | 4 |  4.0
Short Blades   | |  1.9

Action                     || total
---------------------------++-------
  Melee: Dagger            ||    90
   Cast: Ensorcelled Hiber ||    17
   Stab: Sleeping          ||    21
 Armour: Robe              ||    32
  Dodge: Dodged            ||    66

Levels and vault maps discovered:
D:1:      reono_arrival_forest_river, layout_basic
D:2:      layout_loops_corners, basic_ecumenical_altar, serial_shops,
          nicolae_shop_waterfront, minmay_gold_behind_fungi,
          minmay_fractal_squares_5, uniq_crazy_yiuf_cottage, uniq_robin

Notes
Turn   | Place    | Note
-------+----------+-------------------------------------------
     0 | D:1      | Sanktem7 the Spriggan Enchanter began the quest for the
                  | Orb.
     0 | D:1      | Reached XP level 1. HP: 9/9 MP: 5/5
     0 | D:1      | magus.rc [v1.9.6]
   269 | D:1      | Reached XP level 2. HP: 13/13 MP: 6/6
   295 | D:1      | Reached skill level 3 in Dodging
   310 | D:1      | Learned a level 2 spell: Ensorcelled Hibernation
   380 | D:1      | Reached skill level 5 in Stealth
   563 | D:1      | Reached skill level 3 in Spellcasting
   912 | D:2      | Reached XP level 3. HP: 16/16 MP: 8/8
  1036 | D:2      | You pick up a book of Burglary and begin reading...
  1036 | D:2      | You add the spells Passwall and Swiftness to your library.
  1174 | D:2      | Reached skill level 4 in Hexes
  1241 | D:2      | Found a faded altar of an unknown god.
  1311 | D:2      | Noticed Robin
  1322 | D:2      | HP: 3/16 [goblin/+0 club[Robin] (5)]
  1323 | D:2      | Succumbed to Robin's poison

Vanquished Creatures
  An adder (D:2)
  3 ball pythons
  5 endoplasms
  A giant cockroach (D:2)
  10 goblins
  4 hobgoblins
  4 jackals (D:1)
  2 kobolds
  4 bats
  2 frilled lizards
  A rat (D:2)
37 creatures vanquished.

Table legend:
 A = Non-vault XP
 B = Vault XP
 C = Vault XP percentage of total XP
 D = Non-vault monster count
 E = Vault monster count
 F = Vault count percentage of total count
                 A         B        C        D         E       F
            +---------+---------+-------+---------+---------+-------
      Total |      60 |      18 |  23.1 |      27 |      10 |  27.0
            +---------+---------+-------+---------+---------+-------
        D:1 |      34 |       0 |   0.0 |      18 |       0 |   0.0
        D:2 |      26 |      18 |  40.9 |       9 |      10 |  52.6
            +---------+---------+-------+---------+---------+-------

Skill      XL: |  1  2  3 |
---------------+----------+-----
Dodging        | 3 |  3.3
Stealth        | 5 |  5.5
Spellcasting   | 3 |  3.1
Hexes          | 4 |  4.0
Short Blades   | |  1.9

Action                     || total
---------------------------++-------
  Melee: Dagger            ||    90
   Cast: Ensorcelled Hiber ||    17
   Stab: Sleeping          ||    21
 Armour: Robe              ||    32
  Dodge: Dodged            ||    66

Illustrated notes

Table legend:
 A = Kills in this place as a percentage of kills in the entire game.
 B = Kills by you in this place as a percentage of kills by you in the entire game.
 C = Kills by friends in this place as a percentage of kills by friends in the entire game.
 D = Other kills in this place as a percentage of other kills in the entire game.
 E = Experience gained in this place as a percentage of experience gained in the entire game.
 F = Experience gained in this place divided by the number of levels of this place that you have seen.
                   A       B       C       D       E      F
               +-------+-------+-------+-------+-------+----------------------
         Total | 100.0 | 100.0 |   N/A |   N/A | 100.0 |  39.0
       Dungeon | 100.0 | 100.0 |   N/A |   N/A | 100.0 |  39.0
               +-------+-------+-------+-------+-------+----------------------

Table legend: (Time is in decaauts)
 A = Elapsed time spent in this place.
 B = Non-inter-level travel time spent in this place.
 C = Inter-level travel time spent in this place.
 D = Time resting spent in this place.
 E = Time spent auto-exploring this place.
 F = Levels seen in this place.
 G = Mean time per level.
                   A        B        C        D        E       F      G
               +--------+--------+--------+--------+--------+-----+--------+
         Total |    946 |    942 |      4 |      0 |    741 |   2 |  473.0 |
       Dungeon |    946 |    942 |      4 |      0 |    741 |   2 |  473.0 |
               +--------+--------+--------+--------+--------+-----+--------+

Top non-repeatable levels by time:
     D:1: 514 daAuts
     D:2: 432 daAuts
